 Dungeon Crawl Stone Soup version 0.24-a0-136-gad582e5 (webtiles) character file.

Game seed: 11396710014355352245

2522 Inarius the Gusty (level 9, -5/47 HPs)
             Began as a Kobold Air Elementalist on Feb 28, 2019.
             Was a Priest of Vehumet.
             Slain by an orc knight
             ... wielding a +0 war axe
              (31 damage)
             ... in a bailey.
             The game lasted 00:20:22 (7280 turns).

Inarius the Gusty (Kobold Air Elementalist)         Turns: 7280, Time: 00:20:24

Health: -5/47      AC:  8    Str:  5    XL:     9   Next: 84%
Magic:  26/26      EV: 17    Int: 20    God:    Vehumet [***...]
Gold:   322        SH:  0    Dex: 15    Spells: 4/19 levels left

rFire    . . .     SeeInvis .   f - +0 rapier
rCold    . . .     Gourm    .   (shield restricted)
rNeg     . . .     Faith    .   C - +3 leather armour
rPois    .         Spirit   .   (no helmet)
rElec    .         Reflect  .   (no cloak)
rCorr    .         Harm     .   w - +0 pair of gloves {archery}
MR       .....                  g - +0 pair of boots
Stlth    ++........             (no amulet)
HPRegen  0.15/turn              q - ring of magical power
MPRegen  0.20/turn              s - +2 ring of evasion

@: about to teleport
A: small, carnivore
a: Renounce Religion


You were in a bailey.
You worshipped Vehumet.
Vehumet was most pleased with you.
You were completely stuffed.

You visited 1 branch of the dungeon, and saw 8 of its levels.
You also visited: Bailey.

You collected 322 gold pieces.

Inventory:

Hand Weapons
 f - a +0 rapier (weapon)
Armour
 a - the +3 ring mail of Grace {+Fly rC+ Dex+3}
   (You found it on level 5 of the Dungeon)

   It affects your dexterity (+3).
   It protects you from cold.
   It lets you fly.
 g - a +0 pair of boots (worn)
 u - a +0 animal skin
 v - the +5 ring mail "Meintiab" {Str-2 Int+4}
   (You found it on level 5 of the Dungeon)

   It affects your strength (-2).
   It affects your intelligence (+4).
 w - a +0 pair of gloves of archery (worn)
 C - a +3 leather armour (worn)
Jewellery
 q - a ring of magical power (left hand)
 s - a +2 ring of evasion (right hand)
 F - an uncursed ring of protection from cold
Wands
 l - a wand of flame (10)
 m - a wand of iceblast (5)
 x - a wand of disintegration (16)
Scrolls
 e - 2 scrolls of enchant weapon {unknown}
 i - 3 scrolls of blinking
 j - 2 scrolls of teleportation
 k - 2 scrolls of enchant armour {unknown}
 n - a scroll of remove curse {unknown}
 r - 2 scrolls of amnesia {unknown}
 y - a scroll of noise {unknown}
 E - 2 scrolls of acquirement {unknown}
Potions
 b - a potion of haste {unknown}
 d - 2 potions of curing
 h - a potion of invisibility {unknown}
 o - 2 potions of cancellation
 z - a potion of magic {unknown}
 A - a potion of heal wounds {unknown}
 B - a potion of ambrosia {unknown}
Miscellaneous
 p - a crystal ball of energy
Comestibles
 c - 7 rations
 D - 3 chunks of flesh


   Skills:
 + Level 1.3 Fighting
 + Level 2.8 Short Blades
 + Level 0.6 Armour
 + Level 4.0 Dodging
 + Level 4.0 Stealth
 + Level 5.9 Spellcasting
 * Level 7.2 Conjurations
 * Level 7.9 Air Magic
 * Level 0.8 Evocations


You had 4 spell levels left.
You knew the following spells:

 Your Spells              Type           Power        Failure   Level  Hunger
a - Shock                 Conj/Air       ####         1%          1    None
b - Swiftness             Chrm/Air       ###.....     4%          2    None
c - Airstrike             Air            #####.....   1%          4    ####...
d - Static Discharge      Conj/Air       #####...     1%          3    ##.....
e - Lightning Bolt        Conj/Air       #####.....   5%          5    #####..

Your spell library contained the following spells:

 Spells                   Type           Power        Failure   Level  Hunger
 Force Lance              Conj/Tloc      ###.....     11%         4    ####...


Dungeon Overview and Level Annotations

Branches:
Dungeon (8/15)             Temple (0/1) D:7
   Lair: D:8-11

Altars:
Ashenzari
Cheibriados
Sif Muna
Vehumet
The Shining One

Annotations:
D:2 1 runed translucent door, Crazy Yiuf
D:3 Grinder


Innate Abilities, Weirdness & Mutations

You are small and have problems with some larger weapons.
You are carnivorous and can eat meat at any time.


Message History

Vehumet accepts your kill.
Unknown command.
You start resting.
Magic restored.
You start resting.
The orc knight is too close now for your liking.
The orc knight shouts!
The orc knight roars a battlecry!
You hear a shout!
There is an open door here.
Things that are here:
a +0 war axe; a +0 ring mail; an orc skeleton The orc knight roars a battlecry!
The orc knight roars a battlecry!
The orc knight goes into a battle-frenzy!
As you read the scroll of teleportation, it crumbles to dust.
You feel strangely unstable.
The orc knight hits you with a +0 war axe!!
Ouch! That really hurt!
You die...

.# . ...#.........#
## ..##.......## #
#.......# # ##.....##
####o## # ##.....## #
#..)....# ##
##....o..## .#
#......@..# .##
##.........##
..#######.....⌠.....#
.##.....##.........##
.#.....).#.........#
##.......##.......##
).........'.......#
#)...)....##.....##
..)..⌠.....#######


You could see 2 orc knights.

Vanquished Creatures
  Pikel (D:4)
  Eustachio (D:4)
  3 slaves (D:4)
  2 ogres (D:5)
  11 orc warriors
  A centaur (D:7)
  A bullfrog (D:3)
  A crimson imp (D:5)
  2 orc priests
  A jelly (D:5)
  A centaur skeleton (D:6)
  A worker ant (D:4)
  2 orc wizards
  A worker ant zombie (D:7)
  13 gnolls (Bailey)
  A howler monkey skeleton (D:5)
  4 adders
  An adder skeleton (D:4)
  2 worms
  2 dart slugs
  3 leopard geckos
  29 orcs
  6 giant cockroaches
  23 goblins
  22 hobgoblins
  13 jackals
  6 kobolds
  A quokka (D:4)
  2 ball pythons
  8 bats
  3 frilled lizards
  11 rats
179 creatures vanquished.

Notes
Turn   | Place    | Note
-------+----------+-------------------------------------------
     0 | D:1      | Inarius the Kobold Air Elementalist began the quest for the
                  | Orb.
     0 | D:1      | Reached XP level 1. HP: 10/10 MP: 3/3
   317 | D:1      | Reached XP level 2. HP: 15/15 MP: 0/5
   560 | D:1      | Found a shattered altar of Ashenzari.
   895 | D:1      | Learned a level 2 spell: Swiftness
   985 | D:1      | Reached XP level 3. HP: 19/19 MP: 2/6
  1478 | D:2      | Found a snail-covered altar of Cheibriados.
  1572 | D:2      | Found a radiant altar of Vehumet.
  1582 | D:2      | Became a worshipper of Vehumet
  1678 | D:2      | Found a runed translucent door.
  1679 | D:2      | Noticed Crazy Yiuf
  1850 | D:2      | Reached XP level 4. HP: 17/24 MP: 0/7
  2580 | D:3      | Reached skill level 1 in Short Blades
  2646 | D:3      | Reached * piety under Vehumet
  2646 | D:3      | Offered knowledge of Sting by Vehumet.
  2710 | D:3      | Noticed a bullfrog
  2717 | D:3      | Killed a bullfrog
  2717 | D:3      | Reached XP level 5. HP: 28/28 MP: 0/9
  2824 | D:3      | Reached XP level 6. HP: 21/32 MP: 7/10
  3199 | D:3      | Noticed Grinder
  3258 | D:3      | Learned a level 4 spell: Airstrike
  3262 | D:3      | Learned a level 3 spell: Static Discharge
  3928 | D:4      | Noticed Eustachio
  3933 | D:4      | Killed Eustachio
  3933 | D:4      | Reached XP level 7. HP: 37/37 MP: 9/11
  4073 | D:4      | Noticed Pikel
  4104 | D:4      | Killed Pikel
  4104 | D:4      | Reached skill level 1 in Fighting
  4104 | D:4      | Reached skill level 5 in Air Magic
  4104 | D:4      | Reached XP level 8. HP: 7/43 MP: 10/14
  4826 | D:5      | Entered Level 5 of the Dungeon
  4838 | D:5      | Got a pitted ring mail
  4847 | D:5      | Found a deep blue altar of Sif Muna.
  4872 | D:5      | Offered knowledge of Flame Tongue by Vehumet.
  4911 | D:5      | Reached skill level 5 in Conjurations
  5045 | D:5      | Reached ** piety under Vehumet
  5055 | D:5      | Learned a level 5 spell: Lightning Bolt
  5227 | D:5      | Found a glowing golden altar of the Shining One.
  5480 | D:5      | Got a distressingly furry ring mail
  5538 | D:5      | You fall through a shaft for 3 floors!
  5604 | D:7      | Identified the +3 ring mail of Grace {+Fly rC+ Dex+3} (You
                  | found it on level 5 of the Dungeon)
  5605 | D:7      | Identified the +5 ring mail "Meintiab" {Str-2 Int+4} (You
                  | found it on level 5 of the Dungeon)
  5910 | D:5      | Reached XP level 9. HP: 47/47 MP: 12/15
  6030 | D:7      | Found a flagged portal.
  6034 | Bailey   | Entered a bailey
  6415 | Bailey   | Offered knowledge of Throw Flame by Vehumet.
  6479 | Bailey   | Reached skill level 5 in Spellcasting
  6561 | Bailey   | Reached *** piety under Vehumet
  6983 | Bailey   | Noticed an orc warlord
  6984 | Bailey   | Noticed an orc knight
  7053 | Bailey   | Offered knowledge of Force Lance by Vehumet.
  7129 | Bailey   | Noticed an orc knight
  7280 | Bailey   | Slain by an orc knight

Levels and vault maps discovered:
D:1:      dpeg_arrival_rooms_a, layout_loops_cross, nicolae_ashenzari_panopticon
D:2:      layout_rooms, grunt_temple_overflow_open, first_ration,
          kennysheep_flooded_box, uniq_crazy_yiuf_cottage
D:3:      minmay_octagon_keep, layout_basic, uniq_grinder
D:4:      layout_basic, uniq_pikel, uniq_eustachio
D:5:      layout_loops_corners, nicolae_tso_carved_into_rock, basic_altar
D:6:      layout_rooms, minmay_misc_feat_ornament, minmay_bent,
          uniq_prince_ribbit1, uniq_edmund, uniq_menkaure
D:7:      layout_basic, grunt_temple_overflow_order_and_chaos_1,
          lemuel_round_altar, minmay_temple_entry_enclosed_plants,
          enter_bailey_1, minmay_manual_mullet
D:8:      layout_basic, minitemple, serial_shops, shop
Bailey:   bailey_axe_minmay_hex_keep, bailey

Skill      XL: |  1  2  3  4  5  6  7  8  9 |
---------------+----------------------------+-----
Conjurations   | 2 3 4 6 7 |  7.2
Air Magic      | 4 5 6 7 |  7.9
Short Blades   | 1 2 |  2.8
Dodging        | 3 4 |  4.0
Stealth        | 3 4 |  4.0
Spellcasting   | 3 4 5 |  5.9
Fighting       | 1 |  1.3
Armour         | |  0.6
Evocations     | |  0.8

Action                   |  1- 3 |  4- 6 |  7- 9 || total
-------------------------+-------+-------+-------++-------
Melee: Dagger            |    93 |    56 |       ||   149
       Rapier            |       |       |    24 ||    24
 Cast: Shock             |    74 |    87 |   257 ||   418
       Airstrike         |       |     2 |     4 ||     6
       Static Discharge  |       |       |     1 ||     1
Evoke: Wand              |       |       |     3 ||     3
  Use: Scroll            |     1 |       |     9 ||    10
 Stab: Sleeping          |       |     1 |       ||     1
  Eat: Chunk             |    12 |     7 |    11 ||    30
Armor: Robe              |    23 |    18 |     2 ||    43
       Animal skin       |       |       |     3 ||     3
       Leather armour    |       |       |     2 ||     2
Dodge: Dodged            |   105 |    72 |    68 ||   245

Table legend:
 A = Non-vault XP
 B = Vault XP
 C = Vault XP percentage of total XP
 D = Non-vault monster count
 E = Vault monster count
 F = Vault count percentage of total count
                 A         B        C        D         E       F
            +---------+---------+-------+---------+---------+-------
      Total |    1127 |    2477 |  68.7 |      96 |      80 |  45.5
            +---------+---------+-------+---------+---------+-------
        D:1 |      45 |       0 |   0.0 |      26 |       0 |   0.0
        D:2 |      40 |       0 |   0.0 |      17 |       0 |   0.0
        D:3 |     190 |      50 |  20.8 |      19 |      14 |  42.4
        D:4 |      63 |     814 |  92.8 |      12 |       2 |  14.3
        D:5 |     584 |       0 |   0.0 |      17 |       0 |   0.0
        D:6 |      39 |       0 |   0.0 |       1 |       0 |   0.0
        D:7 |     166 |       0 |   0.0 |       4 |       0 |   0.0
     Bailey |       0 |    1613 | 100.0 |       0 |      64 | 100.0
            +---------+---------+-------+---------+---------+-------
